 Dungeon Crawl Stone Soup version 0.27-a0-1189-gb8eb6cee8e (webtiles) character file.

Game seed: 3572994420332259462

34 spiderkeys the Grasshopper (level 3, -1/32 HPs)
             Began as a Naga Warper on May 22, 2021.
             Killed from afar by Terence (9 damage)
             ... with a puff of flame
             ... on level 2 of the Dungeon.
             The game lasted 00:05:03 (1710 turns).

spiderkeys the Grasshopper (Naga Warper)            Turns: 1710, Time: 00:05:04

Health: -1/32      AC:  8    Str: 14    XL:     3   Next: 31%
Magic:  6/6        EV:  9    Int: 13    God:
Gold:   55         SH:  0    Dex: 10    Spells: 4/6 levels left

rFire    . . .     SeeInvis +   a - +0 falchion
rCold    . . .     Faith    .   (no shield)
rNeg     . . .     Spirit   .   b - +0 leather armour
rPois    +         Reflect  .   i - +1 helmet
rElec    .         Harm     .   (no cloak)
rCorr    .         Rampage  .   (no gloves)
Will     .....                  (no barding)
Stlth    +.........             (no amulet)
HPRegen  0.10/turn              O - +4 ring of protection
MPRegen  0.10/turn              (no ring)

@: very slow
A: AC +1, large, see invisible, deformed body, poison resistance, slowness 2,
spit poison 1, naga tail 1
a: Spit Poison


You were on level 2 of the Dungeon.
You visited 1 branch of the dungeon, and saw 2 of its levels.

You collected 55 gold pieces.


Innate Abilities, Weirdness & Mutations

Your serpentine skin is tough. (AC +1)
You have supernaturally acute eyesight. (SInv)
Armour fits poorly on your strangely shaped body.
Your system is resistant to poisons. (rPois)
You cover ground very slowly.
You can spit poison.
You have a snake-like lower body.


   Skills:
 + Level 2.2 Fighting
 + Level 2.2 Long Blades
 + Level 1.2 Throwing
 + Level 1.1 Armour
 + Level 1.8 Dodging
 + Level 2.2 Spellcasting
 + Level 3.2 Translocations


You had 4 spell levels left.
You knew the following spells:

 Your Spells              Type           Power      Damage    Failure   Level
B - Blink                 Tloc           N/A        N/A       12%         2

Your spell library contained the following spells:

 Spells                   Type           Power      Damage    Failure   Level
 Gell's Gravitas          Tloc           4%         N/A       24%         3
 Lesser Beckoning         Tloc           4%         N/A       24%         3
 Teleport Other           Tloc           9%         N/A       24%         3
 Manifold Assault         Tloc           9%         N/A       92%         5

Inventory:

Hand Weapons
 a - a +0 falchion (weapon)
Missiles
 e - 5 boomerangs of dispersal (quivered) {=f!f}
 f - 22 arrows
 g - 34 stones
Armour
 b - a +0 leather armour (worn)
 i - a +1 helmet (worn)
   (You found it on level 1 of the Dungeon)
Jewellery
 F - a ring of fire
   (You found it on level 1 of the Dungeon)
 O - a +4 ring of protection (left hand)
   (You found it on level 1 of the Dungeon)
Scrolls
 d - a scroll of blinking {!r}
 h - a scroll of amnesia
 j - a scroll of immolation {unknown}
Potions
 c - a potion of invisibility {unknown}
 k - a potion of flight {unknown}

Dungeon Overview and Level Annotations

Branches:
Dungeon (2/15)

Altars:

Shops:
D:1 (

Annotations:
D:2 Terence

. .# #.# ..#####.#
#.# # ......###.## #
....##.#.#########
#####.##.###.......##
# #.......##
##†####...
#.#...#.##>###.##
#..# #.#...#.###.#..
.....# #....g@.#
##.#. #.##.##
###..@### ###. # #.#
#.g.# #. ..# #.=g# #.
...# ............@..
...# .............g.
..........[.....
.#####...#######
#...#


You could see Terence and 3 gnolls.


Message History

You enter the shallow water.
Moving in this stuff is going to be slow.
There is an entrance to Listain's Weapon Emporium here.
You see here a +0 quarterstaff.
Done exploring.
Done exploring.
Save game and exit? 🤖 Initializing magus.rc ...
Options error: Delay interrupt name "hungry" not recognised. (~/.crawlrc:4988) ✅ Successfully initialized magus.rc [v1.9.10] Welcome back, spiderkeys the Naga Warper.
Press ? for a list of commands and other information.
Done exploring.
There is a stone staircase leading down here.
You climb downwards.
There is a stone staircase leading up here.
As you read the scroll labelled PAYNLO QISUOZ, it crumbles to dust.
It is a scroll of enchant armour.
Your +0 helmet glows green for a moment.
As you read the scroll labelled LUEDEKOSEOKK, it crumbles to dust.
It is a scroll of identify.
h - a scroll of amnesia An endoplasm comes into view.
The endoplasm quivers.
The endoplasm hits you but does no damage.
You see here a fizzy inky potion.
You hit the endoplasm.
The endoplasm hits you but does no damage.
You hit the endoplasm.
You kill the endoplasm!
No target in view!
No target in view!
c - a fizzy inky potion
f - 22 arrows
j - a scroll labelled GUF OF LUBRO
Okay, then.
You don't know any spells.
A rat comes into view.
Okay, then.
You hit the rat but do no damage. The rat barely misses you.
You closely miss the rat. The rat closely misses you.
You riposte.
You slash the rat!
You kill the rat!
No target in view!
Memorise Blink, consuming 2 spell levels and leaving 4?
You start memorising the spell.
You continue memorising. x2
You finish memorising.
Spell assigned to 'B'.
k - a murky green potion
Found a stone staircase leading down.
There is a stone staircase leading down here.
There is a stone staircase leading down here.
Found a stone staircase leading down.
No target in view!
There is a stone staircase leading down here.
A gnoll comes into view. It is wielding a +0 flail.
The gnoll shouts!
You hear a shout! x2
A gnoll and Terence come into view.
Terence is wielding a +0 short sword and carrying a wand of flame (26).
The gnoll shouts!
Terence says, "Don't bother to defend, it's useless."
The gnoll throws a throwing net.
The throwing net hits you.
You become entangled in the net!
You see here a throwing net {=f!f}.
You struggle against the net.
You struggle against the net.
You struggle against the net.
You struggle against the net.
The gnoll barely misses you.
The gnoll hits you with a +0 flail. 😕 HP[-1]
You take 1 damage, and now have 31/32 hp.
You struggle against the net.
The gnoll hits you but does no damage. Terence barely misses you.
The gnoll hits you but does no damage.
You rip the net and break free!
The gnoll hits you from afar with a +0 spear.
Terence hits you with a +0 short sword.
The gnoll completely misses you. 😕 HP[-6]
You take 6 damage, and now have 25/32 hp.
The gnoll throws a throwing net.
The throwing net hits you.
You become entangled in the net!
You see here a throwing net {=f!f}.
You struggle against the net.
The gnoll hits you from afar with a +0 spear!
Terence hits you with a +0 short sword.
* * * LOW HITPOINT WARNING * * *
A gnoll comes into view. It is wielding a +0 halberd. 😨 HP[-9]
You take 9 damage, and now have 16/32 hp.
MASSIVE DAMAGE!! (PAUSE)
You tear a large gash into the net.
The gnoll shouts!
The gnoll hits you but does no damage. Terence hits you with a +0 short sword.
* * * LOW HITPOINT WARNING * * *
The gnoll hits you with a +0 flail.
* * * LOW HITPOINT WARNING * * *
You rip the net and break free!
The gnoll hits you from afar with a +0 spear.
* * * LOW HITPOINT WARNING * * *
Terence zaps a wand.
The puff of flame hits you!
You die...

Skill      XL: |  1  2 |
---------------+-------+-----
Throwing       | 1 |  1.2
Armour         | 1 |  1.1
Fighting       | |  2.2
Long Blades    | |  2.2
Dodging        | |  1.8
Spellcasting   | |  2.2
Translocations | |  3.2

Action                   || total
-------------------------++-------
Melee: Falchion          ||    79
 Abil: Spit Poison       ||     2
  Use: Scroll            ||     2
Armor: Leather armour    ||    29
Dodge: Dodged            ||    44
       Rpst.: Falchion   ||    14

Levels and vault maps discovered:
D:1:      minmay_arrival_loop, layout_loops_ring,
          shapermc_ecumenical_altar_hornbeckon, serial_shops, shop
D:2:      layout_loops_cross, hangedman_decor_clover_reticule, uniq_terence,
          uniq_jessica

Notes
Turn   | Place    | Note
-------+----------+-------------------------------------------
     0 | D:1      | spiderkeys the Naga Warper began the quest for the Orb.
     0 | D:1      | Reached XP level 1. HP: 19/19 MP: 3/3
     0 | D:1      | magus.rc [v1.9.10]
   407 | D:1      | Reached skill level 1 in Throwing
   422 | D:1      | Reached XP level 2. HP: 7/26 MP: 5/5
   779 | D:1      | Reached skill level 1 in Armour
  1127 | D:1      | Found Listain's Weapon Emporium.
  1276 | D:1      | Reached XP level 3. HP: 31/32 MP: 6/6
  1522 | D:1      | Found a faded altar of an unknown god.
  1636 | D:1      | Upgraded the game from 0.27-a0-1188-g73eefd5def to
                  | 0.27-a0-1189-gb8eb6cee8e
  1636 | D:1      | magus.rc [v1.9.10]
  1677 | D:2      | Learned a level 2 spell: Blink
  1698 | D:2      | Noticed Terence
  1710 | D:2      | HP: 8/32 [gnoll/+0 spear (3)]
  1710 | D:2      | Killed from afar by Terence

Vanquished Creatures
  A dart slug (D:1)
  3 endoplasms
  3 giant cockroaches (D:1)
  4 hobgoblins (D:1)
  2 kobolds (D:1)
  A quokka (D:1)
  3 ball pythons (D:1)
  4 bats (D:1)
  2 frilled lizards (D:1)
  2 goblins (D:1)
  4 rats
29 creatures vanquished.

Table legend:
 A = Non-vault XP
 B = Vault XP
 C = Vault XP percentage of total XP
 D = Non-vault monster count
 E = Vault monster count
 F = Vault count percentage of total count
                 A         B        C        D         E       F
            +---------+---------+-------+---------+---------+-------
      Total |      49 |       0 |   0.0 |      29 |       0 |   0.0
            +---------+---------+-------+---------+---------+-------
        D:1 |      46 |       0 |   0.0 |      27 |       0 |   0.0
        D:2 |       3 |       0 |   0.0 |       2 |       0 |   0.0
            +---------+---------+-------+---------+---------+-------

Illustrated notes

Table legend:
 A = Kills in this place as a percentage of kills in entire the game.
 B = Kills by you in this place as a percentage of kills by you in the entire game.
 C = Kills by friends in this place as a percentage of kills by friends in the entire game.
 D = Other kills in this place as a percentage of other kills in the entire game.
 E = Experience gained in this place as a percentage of experience gained in the entire game.
 F = Experience gained in this place divided by the number of levels of this place that you have seen.
                   A       B       C       D       E      F
               +-------+-------+-------+-------+-------+----------------------
         Total | 100.0 | 100.0 |   N/A |   N/A | 100.0 |  24.5
       Dungeon | 100.0 | 100.0 |   N/A |   N/A | 100.0 |  24.5
               +-------+-------+-------+-------+-------+----------------------

Table legend: (Time is in decaauts)
 A = Elapsed time spent in this place.
 B = Non-inter-level travel time spent in this place.
 C = Inter-level travel time spent in this place.
 D = Time resting spent in this place.
 E = Time spent auto-exploring this place.
 F = Levels seen in this place.
 G = Mean time per level.
                   A        B        C        D        E       F      G
               +--------+--------+--------+--------+--------+-----+--------+
         Total |   2027 |   2023 |      4 |      0 |   1811 |   2 | 1013.5 |
       Dungeon |   2027 |   2023 |      4 |      0 |   1811 |   2 | 1013.5 |
               +--------+--------+--------+--------+--------+-----+--------+

Top non-repeatable levels by time:
     D:1: 1937 daAuts
     D:2: 89 daAuts
